[Event "ESTCC U50 2018"]
[Site "Walbrzych"]
[Date "2018.04.20"]
[Round "7"]
[White "Akkanen, Timo"]
[Black "Wagner-Michel, Annett"]
[Result "0-1"]
[ECO "A05"]
[WhiteElo "1667"]
[BlackElo "2104"]
[Annotator "NA"]
[PlyCount "86"]
[EventDate "2018.??.??"]
[EventCountry "POL"]
[SourceTitle "playchess.com"]
[Source "ChessBase"]
[SourceQuality "1"]
[WhiteTeam "Finland"]
[BlackTeam "Germany"]
[WhiteTeamCountry "FIN"]
[BlackTeamCountry "GER"]
[TimeControl "40/5400+30:1800+30"]

1. Nf3 Nf6 2. b3 d5 3. Bb2 Bf5 4. e3 e6 5. Be2 h6 6. O-O Bd6 7. d4 O-O 8. Nbd2 c5 9. c4 Nc6 10. a3 b6 11. Rc1 Rc8 12. Re1 Ne4 13. cxd5 exd5 14. Ba6 Rc7 15. Nxe4 dxe4 16. Ne5 ({White should try} 16. dxc5 $11 bxc5 17. Qc2) 16... Bxe5 $15 17. dxe5 Qe7 18. Qd6 Rd8 19. Qxe7 Rxe7 20. Red1 Rxd1+ 21. Rxd1 Nxe5 22. Rd8+ Kh7 23. Bxe5 Rxe5 24. Bc4 Re7 25. Kf1 g6 26. Rd6 Kg7 27. h3 Be6 28. Bxe6 Rxe6 29. Rxe6 fxe6 30. Ke2 Kf6 31. Kd2 Ke5 32. Kc3 Kd5 33. Kc2 b5 34. Kc3 h5 35. g3 a5 36. Kc2 b4 37. a4 c4 38. Kb2 g5 39. Kc2 cxb3+ 40. Kxb3 Kc5 41. Kb2 Kc4 42. Kc2 b3+ 43. Kb2 Kb4 0-1

[Event "ESTCC U50 2018"]
[Site "Walbrzych"]
[Date "2018.04.21"]
[Round "8"]
[White "Kivimaki, Jaakko"]
[Black "Pietinen, Pekka"]
[Result "1-0"]
[ECO "A41"]
[WhiteElo "2181"]
[BlackElo "1983"]
[Annotator "NA"]
[PlyCount "62"]
[EventDate "2018.??.??"]
[EventCountry "POL"]
[SourceTitle "playchess.com"]
[Source "ChessBase"]
[SourceQuality "1"]
[WhiteTeam "Finland"]
[BlackTeam "Finland"]
[WhiteTeamCountry "FIN"]
[BlackTeamCountry "FIN"]
[TimeControl "40/5400+30:1800+30"]

1. d4 d6 2. Nf3 Bg4 3. e3 Nd7 4. Be2 e5 {[%emt 0:01:19] LiveBook: 15 Games} 5. c3 c6 6. h3 Bh5 7. b4 Be7 8. a4 e4 9. Nfd2 Bxe2 10. Qxe2 f5 11. g4 d5 12. gxf5 Ndf6 (12... Nh6 $17 13. Qh5+ Nf7) 13. f3 ({Better is} 13. Rg1 $15) 13... Nh5 (13... Nh6 $17 14. fxe4 dxe4) 14. Rg1 Bh4+ 15. Kd1 Ng3 16. Rxg3 Bxg3 17. fxe4 dxe4 18. Qh5+ Kf8 19. Nxe4 Nf6 20. Nxf6 Qxf6 21. Nd2 g6 $1 22. Ne4 $16 gxh5 23. Nxf6 h4 24. e4 Kf7 25. e5 a5 26. b5 Rhd8 27. Ke2 c5 28. Be3 cxd4 29. Bxd4 h6 30. Kf3 Rac8 31. Ne4 Rg8 1-0

[Event "ESTCC U50 2018"]
[Site "Walbrzych"]
[Date "2018.04.21"]
[Round "8"]
[White "Salonen, Jyrki"]
[Black "Akkanen, Timo"]
[Result "1-0"]
[ECO "C23"]
[WhiteElo "2159"]
[BlackElo "1667"]
[Annotator "NA"]
[PlyCount "99"]
[EventDate "2018.??.??"]
[EventCountry "POL"]
[SourceTitle "playchess.com"]
[Source "ChessBase"]
[SourceQuality "1"]
[WhiteTeam "Finland"]
[BlackTeam "Finland"]
[WhiteTeamCountry "FIN"]
[BlackTeamCountry "FIN"]
[TimeControl "40/5400+30:1800+30"]

1. e4 e5 2. Bc4 Bc5 3. Nf3 d6 4. c3 Nf6 5. d3 h6 6. h3 O-O 7. O-O Nc6 8. Re1 Re8 {[%emt 0:02:31] LiveBook: 9 Games C54: Giuoco Piano: 4 c3 Nf6, main lines with 5 d4 and 5 d3} (8... a6 9. a4 Re8 10. b4 Ba7 11. Nbd2 Be6 12. Bxe6 Rxe6 13. Qc2 Qd7 14. Nf1 Ne7 15. Ng3 Ng6 16. c4 {½-½ (45) Karjakin,S (2763)-Anand,V (2776) Moscow 2018}) 9. Nbd2 Bb6 10. Qe2 $146 (10. b4 $14) ({Find the theoretical novelty and annotate with similar games:} 10. a4 a6 11. Nf1 Be6 12. Bb3 d5 13. exd5 Bxd5 14. Bc2 e4 15. dxe4 Bxe4 16. Bxe4 {½-½ (16) Degraeve,J (2569)-Dorfman,J (2583) Belfort 2010}) 10... Qe7 11. Nf1 Be6 12. Bb5 a6 13. Ba4 Ba7 14. Ng3 b5 15. Bc2 Qd7 16. Kh2 Kh7 17. Nh4 Ne7 18. d4 Bc4 19. Qd2 c6 20. b3 Be6 21. d5 Bg4 22. f3 g5 23. dxc6 Qxc6 24. hxg4 gxh4 25. Nf5 Nxf5 26. exf5 Ng8 27. Be4 Qb6 28. Bxa8 $18 Rxa8 29. Qe3 Qb7 30. Qd3 f6 31. Be3 Bb8 32. Rad1 Ne7 33. Qd2 Ng8 34. Qd5 Qxd5 35. Rxd5 Ne7 36. Rdd1 a5 37. Kh3 Bc7 38. Kxh4 h5 39. Kxh5 Kg7 40. Kh4 d5 41. Kg3 b4 42. cxb4 d4 43. Bd2 axb4 44. Bxb4 Nd5 45. Rc1 e4+ 46. Rxc7+ Nxc7 47. Rxe4 Nb5 48. a4 Nc3 49. Bxc3 dxc3 50. Rc4 1-0

[Event "ESTCC U50 2018"]
[Site "Walbrzych"]
[Date "2018.04.21"]
[Round "8"]
[White "Ograbek, Grzegorz"]
[Black "Burchardt, Brigitte"]
[Result "0-1"]
[ECO "D46"]
[WhiteElo "2140"]
[BlackElo "2166"]
[Annotator "NA"]
[PlyCount "102"]
[EventDate "2018.??.??"]
[EventCountry "POL"]
[SourceTitle "playchess.com"]
[Source "ChessBase"]
[SourceQuality "1"]
[WhiteTeam "Poland"]
[BlackTeam "Germany"]
[WhiteTeamCountry "POL"]
[BlackTeamCountry "GER"]
[TimeControl "40/5400+30:1800+30"]

1. d4 d5 2. c4 e6 3. Nc3 Nf6 4. Nf3 c6 {[%emt 0:01:43] LiveBook: 26507 Games} 5. e3 Nbd7 6. Bd3 Bd6 7. O-O dxc4 8. Bxc4 O-O 9. e4 e5 10. Bg5 Qc7 11. Rc1 ({White should play} 11. d5 $14) 11... exd4 {[%emt 0:11:09] D46: Semi-Slav: 5 e3 Nbd7 6 Bd3, Black avoids the Meran} 12. Nb5 $146 ({Predecessor:} 12. Qxd4 Bf4 13. Nb5 Qb8 14. Bxf4 Qxf4 15. e5 Qxd4 16. Nbxd4 Ng4 17. Rfe1 Nb6 18. Bb3 Nh6 19. e6 fxe6 {1-0 (50) Kahlert,T (2233)-Mueller,M (2246) Germany 2016}) 12... cxb5 13. Bxf7+ Rxf7 14. Rxc7 Bxc7 15. Qxd4 Bb6 16. Qb4 Bc5 17. Qb3 Nxe4 $17 18. Be3 h6 19. Rd1 Bxe3 20. fxe3 Ng5 21. Rd5 Nxf3+ 22. gxf3 b6 23. e4 Nf8 24. Re5 Bd7 25. Re7 Be8 26. e5 Ng6 27. Rxf7 Bxf7 28. e6 Be8 29. f4 Rc8 30. f5 Ne7 31. Qf3 Rc1+ 32. Kf2 Rc5 33. Qa8 Rxf5+ 34. Kg1 Kf8 35. Qxa7 Nd5 36. Qb7 b4 37. h3 h5 38. Qb8 g6 39. Qd8 g5 40. a3 bxa3 41. bxa3 b5 42. Kh2 Nf6 43. Qd6+ Kg7 44. Kg1 Rd5 45. Qe7+ Kg6 46. Qc7 Kf5 47. Qc8 Re5 48. e7+ Bd7 49. Qf8 Be8 50. Kf2 Kg6 51. Kf3 Rc5 0-1

[Event "ESTCC U50 2018"]
[Site "Walbrzych"]
[Date "2018.04.21"]
[Round "8"]
[White "Sazonova, Elena N"]
[Black "Szydelko, Kazimierz"]
[Result "1-0"]
[ECO "B56"]
[WhiteElo "2139"]
[BlackElo "1689"]
[Annotator "NA"]
[PlyCount "53"]
[EventDate "2018.??.??"]
[EventCountry "POL"]
[SourceTitle "playchess.com"]
[Source "ChessBase"]
[SourceQuality "1"]
[WhiteTeam "Russia"]
[BlackTeam "Poland"]
[WhiteTeamCountry "RUS"]
[BlackTeamCountry "POL"]
[TimeControl "40/5400+30:1800+30"]

1. e4 c5 2. Nf3 d6 3. d4 cxd4 4. Nxd4 Nf6 5. Nc3 Nc6 6. f3 a6 {[%emt 0:02:37] LiveBook: 67 Games} 7. Be3 Qc7 8. g4 e6 9. g5 Nd7 10. Qe2 b5 11. Nxc6 Qxc6 $11 12. Bd4 Bb7 13. O-O-O Rc8 14. Kb1 Be7 15. f4 e5 16. Be3 Nb6 17. Bh3 Rd8 18. Bxb6 Qxb6 19. Nd5 Bxd5 20. exd5 O-O 21. Rhg1 exf4 22. g6 Bf6 23. gxf7+ Kh8 24. Be6 Be5 25. Qh5 g6 26. Rxg6 Qc7 27. Rh6 1-0

[Event "ESTCC U50 2018"]
[Site "Walbrzych"]
[Date "2018.04.21"]
[Round "8"]
[White "Laszewicz, Pawel"]
[Black "Strutinskaia, Galina"]
[Result "0-1"]
[ECO "B90"]
[WhiteElo "2110"]
[BlackElo "2232"]
[Annotator "NA"]
[PlyCount "160"]
[EventDate "2018.??.??"]
[EventCountry "POL"]
[SourceTitle "playchess.com"]
[Source "ChessBase"]
[SourceQuality "1"]
[WhiteTeam "Poland"]
[BlackTeam "Russia"]
[WhiteTeamCountry "POL"]
[BlackTeamCountry "RUS"]
[TimeControl "40/5400+30:1800+30"]

1. e4 c5 2. Nf3 d6 3. Nc3 a6 4. d4 cxd4 5. Nxd4 Nf6 6. Nb3 e6 {[%emt 0:05:03] B90: Sicilian Najdorf: Unusual White 6th moves, 6 Be3 Ng4 and 6 Be3 e5} 7. g4 h6 {[%emt 0:01:24] LiveBook: 5 Games} (7... b5 8. Bg2 Bb7 9. g5 Nfd7 10. O-O Be7 11. f4 O-O 12. Qg4 Re8 13. Be3 Nc6 14. Rad1 {1-0 (51) Demchenko,A (2645)-Areshchenko,A (2652) Tbilisi 2017}) 8. Bg2 Be7 9. Be3 Nc6 10. Qe2 Qc7 11. f4 Nd7 $146 ({Predecessor:} 11... b5 12. a3 Bb7 13. O-O-O Rc8 14. Rhe1 {1-0 (57) Marek,M (2435)-Rabatin,J (2299) Ostrava 2016}) 12. h4 b5 13. O-O-O b4 14. Nd5 exd5 15. exd5 Nce5 16. fxe5 Nxe5 17. Rd4 a5 18. Kb1 Ba6 19. Qd1 Nc4 20. Bc1 a4 21. Na1 {[%emt 0:07:43] [#]} Bf6 $1 22. Re4+ (22. g5 $142 Bxd4 23. Qxd4) 22... Kf8 23. g5 Be5 24. gxh6 Rxh6 25. Bxh6 gxh6 26. Rxe5 $1 Nxe5 27. Qh5 Ke7 28. Qxh6 Rg8 29. Be4 Qc5 30. Qc1 Qd4 31. Qe1 a3 32. c3 bxc3 33. Nc2 Qd2 34. Qxd2 cxd2 35. Nxa3 Be2 36. Bc2 Bf3 $19 37. Rf1 Bxd5 38. b3 Rg2 39. Kb2 Nd3+ 40. Kc3 Nc1 41. Rd1 Nxa2+ 42. Kb2 Nb4 43. Kc3 Nxc2 44. Kxc2 Be4+ 45. Kc3 Rg3+ 46. Kb2 Bd5 47. Nc4 Bxc4 48. bxc4 Rg2 49. Kc3 Rh2 50. Rxd2 Rxh4 51. Re2+ Kf6 52. Re8 Rf4 53. Kd3 Rf1 54. Re2 Kg5 55. Re8 Rd1+ 56. Kc2 Rh1 57. Rd8 Rh6 58. Kc3 Kf5 59. Rf8 Ke6 60. Re8+ Kd7 61. Re2 f5 62. Kd4 Rh1 63. Rd2 Rh4+ 64. Kd5 Re4 65. Ra2 Re5+ 66. Kd4 Ke6 67. Ra8 f4 68. Ra3 Kf5 69. Ra8 Re6 70. Rg8 Rf6 71. Rg1 Rg6 72. Rf1 Rg2 73. Re1 Rd2+ 74. Kc3 Ra2 75. Re8 f3 76. Kd4 Rd2+ 77. Kc3 Rd1 78. Kc2 Rd4 79. Rf8+ Kg4 80. Kc3 Rf4 0-1

[Event "ESTCC U50 2018"]
[Site "Walbrzych"]
[Date "2018.04.21"]
[Round "8"]
[White "Wagner-Michel, Annett"]
[Black "Wielosz, Jaroslaw"]
[Result "1/2-1/2"]
[ECO "C50"]
[WhiteElo "2104"]
[BlackElo "2038"]
[Annotator "NA"]
[PlyCount "93"]
[EventDate "2018.??.??"]
[EventCountry "POL"]
[SourceTitle "playchess.com"]
[Source "ChessBase"]
[SourceQuality "1"]
[WhiteTeam "Germany"]
[BlackTeam "Poland"]
[WhiteTeamCountry "GER"]
[BlackTeamCountry "POL"]
[TimeControl "40/5400+30:1800+30"]

1. e4 e5 2. Nf3 Nc6 3. Bc4 Bc5 4. O-O Nf6 5. d3 d6 6. Nc3 h6 7. h3 O-O 8. Na4 Bb6 {[%emt 0:01:40] LiveBook: 7 Games} 9. a3 Ne7 10. Nxb6 axb6 11. Re1 {[%emt 0:03:32] C50: Hungarian Defence and Giuoco Pianissimo} Ng6 12. d4 Qe7 13. Qe2 $146 ({Find the theoretical novelty and annotate with similar games:} 13. Bd2 Be6 14. Qe2 Nh5 15. dxe5 Nhf4 16. Qf1 dxe5 17. Rad1 Rfd8 18. Bxf4 Bxc4 19. Qxc4 Nxf4 {½-½ (19) Rodriguez Vila,A (2468)-Vocaturo,D (2606) Antofagasta 2017}) 13... Nh5 14. c3 Bd7 15. Kh2 Nhf4 16. Bxf4 Nxf4 17. Qe3 Qf6 18. Bf1 Ng6 19. g3 Rfe8 20. d5 Qe7 21. Nd2 Qg5 22. Qxg5 hxg5 23. Be2 Rf8 24. Kg2 Ne7 25. Bd3 f6 26. Rh1 $11 Kf7 27. h4 gxh4 28. Rxh4 Rh8 29. Rah1 Ng6 30. Rxh8 Rxh8 31. Rxh8 Nxh8 32. Be2 g6 33. Kf3 Kg7 34. Ke3 Nf7 35. f4 exf4+ 36. gxf4 g5 37. Nf3 gxf4+ 38. Kxf4 Kf8 39. Nd4 Ke7 40. Bb5 Bh3 41. Be2 Ne5 42. Nb5 Kd8 43. b3 Bd7 44. Nd4 Ng6+ 45. Ke3 Ke7 46. Bb5 Bc8 47. Bf1 1/2-1/2

[Event "ESTCC U50 2018"]
[Site "Walbrzych"]
[Date "2018.04.21"]
[Round "8"]
[White "Bowmer, Kevin"]
[Black "Giulian, Rosemary A"]
[Result "1/2-1/2"]
[ECO "C10"]
[WhiteElo "2064"]
[BlackElo "1880"]
[Annotator "NA"]
[PlyCount "37"]
[EventDate "2018.??.??"]
[EventCountry "POL"]
[SourceTitle "playchess.com"]
[Source "ChessBase"]
[SourceQuality "1"]
[WhiteTeam "England"]
[BlackTeam "Scotland"]
[WhiteTeamCountry "ENG"]
[BlackTeamCountry "SCO"]
[TimeControl "40/5400+30:1800+30"]

1. e4 e6 2. d4 d5 3. Nd2 dxe4 4. Nxe4 Nd7 5. Nf3 Ngf6 6. Nxf6+ Nxf6 7. c3 Be7 8. Bd3 O-O 9. Qc2 h6 10. Bf4 Bd6 11. Bg3 b6 12. O-O Bb7 13. Nd2 Bxg3 14. fxg3 Qe7 15. Ne4 Nxe4 16. Bxe4 Bxe4 17. Qxe4 Qd6 18. Rad1 Rad8 $11 19. Qf4 1/2-1/2

[Event "ESTCC U50 2018"]
[Site "Walbrzych"]
[Date "2018.04.21"]
[Round "8"]
[White "Van de Wynkele, Herman"]
[Black "Aegerter, Klaus"]
[Result "1-0"]
[ECO "B06"]
[WhiteElo "2048"]
[BlackElo "1731"]
[Annotator "NA"]
[PlyCount "47"]
[EventDate "2018.??.??"]
[EventCountry "POL"]
[SourceTitle "playchess.com"]
[Source "ChessBase"]
[SourceQuality "1"]
[WhiteTeam "Belgium"]
[BlackTeam "Switzerland"]
[WhiteTeamCountry "BEL"]
[BlackTeamCountry "SUI"]
[TimeControl "40/5400+30:1800+30"]

1. e4 g6 2. d4 d6 3. Nc3 Bg7 4. Be3 a6 5. Qd2 Nf6 6. f3 b5 {[%emt 0:00:52] LiveBook: 29 Games} 7. O-O-O Bb7 8. g4 h5 9. gxh5 Nxh5 10. Nh3 Nc6 11. Ne2 f6 12. Nhf4 Kf7 ({But not} 12... Nxf4 $6 13. Nxf4 Kf7 14. d5) 13. Nxh5 Rxh5 14. Nf4 Rh7 15. d5 $18 Ne5 16. Ne6 Qh8 17. Qg2 c6 18. f4 Bh6 19. Be2 Nc4 20. Bd4 c5 21. Rdg1 Rg8 22. Bxc4 cxd4 23. Be2 Bg7 24. Qxg6# {[%emt 0:00:20] Bh6 Qg2} 1-0

[Event "ESTCC U50 2018"]
[Site "Walbrzych"]
[Date "2018.04.21"]
[Round "8"]
[White "Robertson, Ian C"]
[Black "Lewis, Andrew P"]
[Result "1/2-1/2"]
[ECO "A48"]
[WhiteElo "2038"]
[BlackElo "2279"]
[Annotator "NA"]
[PlyCount "130"]
[EventDate "2018.??.??"]
[EventCountry "POL"]
[SourceTitle "playchess.com"]
[Source "ChessBase"]
[SourceQuality "1"]
[WhiteTeam "Scotland"]
[BlackTeam "England"]
[WhiteTeamCountry "SCO"]
[BlackTeamCountry "ENG"]
[TimeControl "40/5400+30:1800+30"]

1. d4 Nf6 2. Nf3 g6 3. Nbd2 Bg7 4. e4 d6 5. Be2 O-O 6. O-O c5 7. dxc5 dxc5 8. c3 Nc6 9. Re1 Qc7 10. Qc2 b6 {[%emt 0:01:46] LiveBook: 14 Games B07: Pirc Defence: Miscellaneous Systems} 11. Rb1 $146 ({Predecessor:} 11. a4 Bb7 12. Bf1 Na5 13. Nc4 Nxc4 14. Bxc4 e6 15. h3 h6 16. Bf1 Kh7 17. Nd2 Nd7 18. a5 {1-0 (40) Vaibhav,S (2542)-Zhou,Y (2449) chess.com INT 2018}) 11... Bb7 12. b4 cxb4 13. cxb4 Rac8 14. Qa4 a6 15. Bxa6 Ra8 16. b5 Nb8 17. Qc4 Nxa6 18. bxa6 Qxc4 19. Nxc4 Bxe4 20. Rxb6 Rfc8 21. Rxf6 Rxc4 22. Rb6 Bxf3 23. gxf3 Bd4 24. Rb7 Rc2 25. Be3 Bxe3 $1 26. Rxe3 Rxa6 27. Rexe7 Rf6 28. Kg2 Rxa2 $11 29. Ra7 Rb2 30. Rab7 Rxb7 31. Rxb7 Kg7 32. Kg3 Rf5 33. f4 Ra5 34. Rc7 Ra3+ 35. Kg2 Kf6 36. Rb7 h5 37. Rc7 Ke6 38. Rb7 f6 39. Rb5 Rd3 40. f5+ gxf5 41. Rb7 f4 42. Rb5 Rd5 43. Rb8 Kf5 44. Rb3 Kg4 45. Ra3 Rg5 46. Rb3 Kh4+ 47. Kf1 Rf5 48. Rf3 Kg4 49. Kg2 Rg5 50. Rb3 Kh4+ 51. Kf1 Rd5 52. Kg2 Kg4 53. Ra3 Rd1 54. h3+ Kh4 55. Ra4 Kg5 56. Ra5+ f5 57. Ra3 Rd4 58. Rb3 Kh4 59. Ra3 Rd8 60. Rf3 Rg8+ 61. Kf1 Kg5 62. Rb3 Kf6 63. Rb6+ Ke5 64. Rb5+ Ke4 65. Rb4+ Ke5 1/2-1/2

[Event "ESTCC U50 2018"]
[Site "Walbrzych"]
[Date "2018.04.21"]
[Round "8"]
[White "Strzelecki, Jerzy"]
[Black "Kierzek, Mira"]
[Result "1-0"]
[ECO "A16"]
[WhiteElo "2038"]
[BlackElo "2011"]
[Annotator "NA"]
[PlyCount "141"]
[EventDate "2018.??.??"]
[EventCountry "POL"]
[SourceTitle "playchess.com"]
[Source "ChessBase"]
[SourceQuality "1"]
[WhiteTeam "Poland"]
[BlackTeam "Germany"]
[WhiteTeamCountry "POL"]
[BlackTeamCountry "GER"]
[TimeControl "40/5400+30:1800+30"]

1. c4 Nf6 2. Nc3 c6 3. e4 d6 4. d4 Nbd7 5. Nf3 {[%emt 0:00:42] A53: Old Indian Defence without Nf3} Qc7 {[%emt 0:02:16] LiveBook: 4 Games} (5... e5 6. Be2 Be7 7. O-O O-O 8. Re1 a6 9. Rb1 Re8 10. Bf1 b5 11. b4 Qc7 12. a4 exd4 13. Nxd4 bxc4 14. Bxc4 Ne5 15. Ba2 c5 16. bxc5 dxc5 17. Nd5 Nxd5 18. Bxd5 {0-1 (41) Marin,M (2549)-Berkes,F (2645) Calimanesti Caciulata 2016}) 6. Be2 g6 7. O-O Bg7 8. Rb1 O-O 9. b4 b6 $146 ({Predecessor:} 9... e5 10. dxe5 dxe5 11. Qc2 b6 12. h3 Re8 13. Be3 Nh5 14. Rfd1 Nf4 15. Bf1 Nf8 16. a4 Be6 17. c5 bxc5 18. Bxc5 {1-0 (39) Kyhle,B (2290)-Holving,R (2165) Stockholm 1996}) 10. Bd2 Bb7 11. a3 a6 12. Qc2 Rac8 13. Rfc1 Qb8 14. Qd1 Rcd8 15. Qc2 ({White should try} 15. Be3 $16) 15... Rc8 16. Qd1 b5 17. c5 dxc5 18. dxc5 Ne5 19. Qc2 Rcd8 20. Rd1 Bc8 21. Be1 Nfg4 22. g3 Nxf3+ 23. Bxf3 Ne5 24. Be2 Be6 25. Rxd8 Rxd8 26. Rd1 Nc4 27. a4 Qc7 28. axb5 axb5 29. Rxd8+ Qxd8 30. Nd1 Qd7 31. h4 Bg4 32. f3 $11 Bd4+ 33. Kh2 Be6 34. Bc3 h5 35. Kg2 Bg7 36. Bxg7 Kxg7 37. Qc3+ Kg8 38. Ne3 Nd2 39. Kf2 Nb3 40. f4 Nd2 41. Bd3 Nb3 42. f5 gxf5 43. exf5 Bd5 44. Bc2 Nc1 45. Bb1 Nb3 46. Bc2 Nc1 47. Qd2 Na2 48. Bb3 Nxb4 49. Qxb4 e6 50. Qd4 Qa7 51. Bxd5 exd5 52. f6 Qa2+ 53. Kf3 Qb1 54. Qe5 Qg6 55. Qg5 Kf8 56. Qxg6 fxg6 57. Kf4 d4 58. Nd1 Kf7 59. Ke5 d3 60. Nb2 d2 61. Nd1 b4 62. Nb2 b3 63. Nd1 b2 64. Nxb2 Kf8 65. Ke6 Ke8 66. f7+ Kf8 67. Nd1 g5 68. hxg5 h4 69. gxh4 Kg7 70. Ke7 Kh7 71. h5 1-0

[Event "ESTCC U50 2018"]
[Site "Walbrzych"]
[Date "2018.04.21"]
[Round "8"]
[White "Nuenchert, Eveline"]
[Black "Czyz, Andrzej"]
[Result "1/2-1/2"]
[ECO "A06"]
[WhiteElo "2033"]
[BlackElo "1999"]
[Annotator "NA"]
[PlyCount "41"]
[EventDate "2018.??.??"]
[EventCountry "POL"]
[SourceTitle "playchess.com"]
[Source "ChessBase"]
[SourceQuality "1"]
[WhiteTeam "Germany"]
[BlackTeam "Poland"]
[WhiteTeamCountry "GER"]
[BlackTeamCountry "POL"]
[TimeControl "40/5400+30:1800+30"]

1. Nf3 d5 2. g3 Bf5 3. Bg2 e6 4. d3 Nf6 5. Nbd2 Be7 6. c3 a5 7. O-O h5 8. Re1 c6 9. Qb3 b5 10. a4 b4 11. e4 Bh7 12. Ng5 Bg6 13. Ndf3 Nbd7 14. Nh4 Nf8 (14... Bh7 $1 $14) 15. exd5 cxd5 16. c4 Rc8 {[%emt 0:03:09] [#]} (16... Ra6 $16 17. cxd5 Nxd5) 17. cxd5 $18 Nxd5 18. Nxg6 Nxg6 19. h4 Bxg5 20. Bxg5 Nge7 21. Rac1 1/2-1/2

[Event "ESTCC U50 2018"]
[Site "Walbrzych"]
[Date "2018.04.21"]
[Round "8"]
[White "Jones, Gareth"]
[Black "Webster, Jim J"]
[Result "1-0"]
[ECO "A04"]
[WhiteElo "1858"]
[BlackElo "1769"]
[Annotator "NA"]
[PlyCount "103"]
[EventDate "2018.??.??"]
[EventCountry "POL"]
[SourceTitle "playchess.com"]
[Source "ChessBase"]
[SourceQuality "1"]
[WhiteTeam "England"]
[BlackTeam "Scotland"]
[WhiteTeamCountry "ENG"]
[BlackTeamCountry "SCO"]
[TimeControl "40/5400+30:1800+30"]

1. Nf3 c5 2. g3 b6 3. Bg2 Bb7 4. O-O Nf6 5. b3 g6 6. Bb2 Bg7 7. d4 {[%emt 0:03:48] A04: Unusual lines after 1 Nf3 and King's Indian Attack} (7. c4 O-O 8. Nc3 d5 9. Nxd5 Nxd5 10. Bxg7 Kxg7 11. cxd5 Bxd5 12. d4 Nd7 13. dxc5 Nxc5 14. Qd4+ f6 15. Rfd1 Bxf3 16. Bxf3 Qxd4 17. Rxd4 {½-½ (41) Demidov,M (2523)-Vidit,S (2718) chess.com INT 2018}) 7... cxd4 8. Bxd4 O-O 9. Nbd2 Nc6 10. Bb2 d5 11. Nd4 $146 ({Find the theoretical novelty and annotate with similar games:} 11. c4 dxc4 12. Nxc4 b5 13. Qxd8 Rfxd8 14. Ne3 Ne4 15. Bxg7 Kxg7 {0-1 (75) Dimitrov,A (2333)-Nikolaidis,I (2566) Porto Rio 2014}) 11... Qd7 12. e3 Rac8 13. c4 Rfd8 14. Qe2 e6 15. Rfd1 Qe7 16. Rac1 dxc4 17. Nxc4 Nxd4 18. Bxd4 Bxg2 19. Kxg2 Qb7+ 20. f3 Ne8 21. Bxg7 Kxg7 22. Qb2+ f6 23. a4 a6 24. Ra1 b5 25. axb5 axb5 26. Rxd8 Rxd8 27. Nd2 Qb6 28. Kf2 Rd3 29. Nf1 Qc7 30. Ra8 Rd8 31. Rxd8 Qxd8 32. Qd2 Qc7 33. Qd3 Qc6 34. Nd2 Nd6 35. Qd4 Qc7 36. g4 e5 37. Qd5 Qe7 38. Ke2 Qc7 39. Kd3 Qb6 40. g5 Qd8 41. Ne4 Nf7 $18 42. Qxd8 Nxd8 43. gxf6+ Kf7 44. Nd6+ Kxf6 45. Nxb5 g5 46. Nd6 Ke6 47. Ne4 Kf5 48. b4 Nb7 49. Ng3+ Ke6 50. Kc4 h6 51. Ne4 Kf5 52. Kd5 1-0

[Event "ESTCC U50 2018"]
[Site "Walbrzych"]
[Date "2018.04.21"]
[Round "8"]
[White "Puroila, Sippo"]
[Black "Viljava, Tapani"]
[Result "1-0"]
[ECO "A37"]
[WhiteElo "1838"]
[BlackElo "2162"]
[Annotator "NA"]
[PlyCount "75"]
[EventDate "2018.??.??"]
[EventCountry "POL"]
[SourceTitle "playchess.com"]
[Source "ChessBase"]
[SourceQuality "1"]
[WhiteTeam "Finland"]
[BlackTeam "Finland"]
[WhiteTeamCountry "FIN"]
[BlackTeamCountry "FIN"]
[TimeControl "40/5400+30:1800+30"]

1. Nf3 c5 2. c4 g6 3. g3 Bg7 4. Bg2 Nc6 5. Nc3 e6 6. e3 Nge7 7. d4 cxd4 8. Nxd4 a6 9. O-O O-O {[%emt 0:01:15] LiveBook: 7 Games} 10. Rb1 {[%emt 0:08:02] A36: Symmetrical English vs ...g6: 4 Bg2 Bg7} (10. Nb3 b5 11. c5 Bb7 12. a4 b4 13. Ne4 a5 14. Qc2 Nc8 15. Rd1 f5 16. Ned2 Qc7 17. f4 Nd8 {0-1 (56) Krysztofiak,M (2444)-Rajlich,I (2441) Warsaw 2012}) 10... Re8 $146 ({Predecessor:} 10... Qc7 11. Nde2 Rb8 12. b4 Ne5 13. c5 b6 14. cxb6 Rxb6 15. Na4 Rb8 16. a3 Bb7 17. f3 Nc4 {0-1 (27) Guo,X (1882)-Weller,J (2249) Birmingham 2016}) 11. a3 d5 12. Nxc6 bxc6 13. cxd5 cxd5 14. Bd2 a5 15. Re1 Ba6 16. Bf1 Bxf1 17. Kxf1 Nc6 18. Nb5 Qd7 19. Qe2 a4 20. b3 Reb8 21. bxa4 Rxa4 22. Rb3 Ne5 23. Reb1 Nc4 24. Bc1 Raa8 25. e4 h5 26. h4 Rc8 27. Kg1 Ra5 28. Bf4 e5 29. Bd2 Raa8 30. Be1 Kh7 31. Nc3 Nxa3 32. Rb7 Qe8 33. R1b6 Nc4 34. Nxd5 Nxb6 35. Nxb6 Qc6 36. Nxc8 Qxb7 37. Nd6 Qc7 38. Nb5 $19 1-0

[Event "ESTCC U50 2018"]
[Site "Walbrzych"]
[Date "2018.04.21"]
[Round "8"]
[White "Daleczko, Zbigniew"]
[Black "Sirotkina, Nina"]
[Result "1/2-1/2"]
[ECO "B43"]
[WhiteElo "1835"]
[BlackElo "2175"]
[Annotator "NA"]
[PlyCount "59"]
[EventDate "2018.??.??"]
[EventCountry "POL"]
[SourceTitle "playchess.com"]
[Source "ChessBase"]
[SourceQuality "1"]
[WhiteTeam "Poland"]
[BlackTeam "Russia"]
[WhiteTeamCountry "POL"]
[BlackTeamCountry "RUS"]
[TimeControl "40/5400+30:1800+30"]

1. e4 c5 2. Nf3 e6 3. d4 cxd4 4. Nxd4 a6 5. Nc3 Qc7 6. a3 Nf6 7. Be2 Be7 8. O-O Nc6 9. Be3 O-O 10. f4 d6 11. Kh1 {LiveBook: 74 Games} Bd7 12. g4 {B48: Sicilian: Taimanov: 5 Nc3 Qc7 6 Be3 a6 without Be2} (12. Bf3 Na5 13. Bf2 Rac8 14. Qd3 Nc4 15. Nd1 e5 16. b3 exd4 17. bxc4 Qxc4 18. e5 dxe5 19. fxe5 Ng4 20. Bxd4 Qxc2 21. Qxc2 Rxc2 22. Bxb7 {½-½ (29) Ivanov,O (2495)-Grachev,B (2628) Moscow 2016}) 12... Nxd4 13. Bxd4 Bc6 14. Bf3 e5 $146 ({Find the theoretical novelty and annotate with similar games:} 14... Nd7 15. Qe2 Rfe8 16. Rad1 Rac8 17. Qg2 e5 18. Be3 exf4 19. Bxf4 Ne5 {0-1 (71) Aguilo Pons,F (1867)-Checiak,K (2122) Palma de Mallorca 2009}) 15. Be3 exf4 16. Bxf4 Nd7 17. Nd5 Bxd5 18. exd5 Bf6 19. c3 $11 Be5 20. Qd2 Qc4 21. Bg2 Rae8 22. Bxe5 Rxe5 23. Rf4 Qc7 24. Re1 Rxe1+ 25. Qxe1 Ne5 26. Qb1 h6 27. Qf5 Ng6 28. Re4 Qd8 29. Qf2 Re8 30. Qe1 1/2-1/2

[Event "ESTCC U50 2018"]
[Site "Walbrzych"]
[Date "2018.04.21"]
[Round "8"]
[White "Aird, Ian"]
[Black "Reuben, Stewart"]
[Result "1-0"]
[ECO "B27"]
[WhiteElo "1785"]
[BlackElo "2026"]
[Annotator "NA"]
[PlyCount "37"]
[EventDate "2018.??.??"]
[EventCountry "POL"]
[SourceTitle "playchess.com"]
[Source "ChessBase"]
[SourceQuality "1"]
[WhiteTeam "Scotland"]
[BlackTeam "England"]
[WhiteTeamCountry "SCO"]
[BlackTeamCountry "ENG"]
[TimeControl "40/5400+30:1800+30"]

1. e4 c5 2. Nf3 g6 3. d4 cxd4 4. Qxd4 Nf6 5. Nc3 Nc6 6. Qa4 Qc7 7. Bg5 Bg7 8. Bxf6 Bxf6 9. Nd5 Qd6 10. Rd1 Bxb2 11. Qb3 Ba3 12. Be2 O-O 13. O-O Na5 $18 (13... Qc5 $11 {and Black is okay.}) 14. Qe3 Kg7 15. Qc3+ f6 16. Qxa5 e6 17. Nxf6 Bb4 18. Qa4 b5 19. Bxb5 1-0